 Dungeon Crawl Stone Soup version 0.26-a0-958-gf3041fb45f (webtiles) character file.

Game seed: 16246055764625826425

124 miscthings the Magician (level 4, -4/30 HPs)
             Began as a Mummy Ice Elementalist on Dec 1, 2020.
             Slain by an orc
             ... wielding a +0 war axe
              (8 damage)
             ... on level 3 of the Dungeon.
             The game lasted 00:02:52 (1653 turns).

miscthings the Magician (Mummy Ice Elementalist)    Turns: 1653, Time: 00:02:53

Health: -4/30      AC:  2    Str: 11    XL:     4   Next: 81%
Magic:  8/10       EV: 12    Int: 15    God:
Gold:   137        SH:  0    Dex: 12    Spells: 8/12 levels left

rFire    x . .     SeeInvis .   i - +1 dagger (venom)
rCold    + . .     Faith    .   (no shield)
rNeg     + + +     Spirit   .   a - +0 robe
rPois    ∞         Reflect  .   (no helmet)
rElec    .         Harm     .   (no cloak)
rCorr    .         Rampage  .   (no gloves)
MR       +....                  (no boots)
Stlth    ++........             (no amulet)
HPRegen  0.10/turn              f - ring of protection from magic
MPRegen  0.12/turn              (no ring)

@: no status effects
A: no potions, fire vulnerability, cold resistance 1, negative energy resistance
3, torment resistance, unbreathing
a: no special abilities


You were on level 3 of the Dungeon.
You visited 1 branch of the dungeon, and saw 3 of its levels.

You collected 137 gold pieces.

Inventory:

Hand Weapons
 i - a +1 dagger of venom (weapon)
Armour
 a - a +0 robe (worn)
 g - a cursed -1 leather armour
Jewellery
 f - a ring of protection from magic (left hand)
Scrolls
 b - a scroll of teleportation {unknown}
 c - a scroll of magic mapping {unknown}
 d - a scroll of identify {unknown}
 e - a scroll of remove curse {unknown}
 h - 2 scrolls of amnesia {unknown}
 j - a scroll of fear {unknown}


   Skills:
 - Level 1.5 Dodging
 - Level 1.5 Stealth
 + Level 4.8 Spellcasting
 + Level 4.3 Ice Magic


You had 8 spell levels left.
You knew the following spells:

 Your Spells              Type           Power        Failure   Level
a - Frozen Ramparts       Ice            ###...       9%          3
b - Freeze                Ice            ###.         2%          1

Your spell library contained the following spells:

 Spells                   Type           Power        Failure   Level
 Ozocubu's Armour         Ice            ###.....     9%          3
 Hailstorm                Conj/Ice       ##......     56%         4
 Summon Ice Beast         Ice/Summ       ##......     56%         4


Dungeon Overview and Level Annotations

Branches:
Dungeon (3/15)

Altars:


Innate Abilities, Weirdness & Mutations

You do not drink.
Your flesh is vulnerable to fire.
You are immune to poison.
Your flesh is cold resistant. (rC+)
You are immune to negative energy. (rN+++)
You are immune to unholy pain and torment.
You can survive without breathing.


Message History

The wall freezes the orc wizard.
The orc wizard closely misses you.
You hear a shout!
You closely miss the orc wizard.
The orc wizard is severely wounded.
You hear a shout!
The wall freezes the orc wizard.
The orc wizard hits you with a +0 dagger.
The wall freezes the orc.
You kill the orc!
You barely miss the orc wizard.
The orc wizard is severely wounded.
The wall freezes the orc wizard.
The orc wizard barely misses you.
The wall freezes the orc wizard.
The orc wizard begins to cast a cantrip, but forgets the words!
The frozen ramparts melt away.
The orc wizard casts a spell at you. The puff of flame hits you!
The fire burns you terribly!
* * * LOW HITPOINT WARNING * * *
The orc hits you with a +0 war axe!
You die...

......o...# #.#
..........# #^#
......o...# #.#
......ro.)# ####'###
..........# #......#
......o...###.>.)..#
........####.......#
..........##o......#
..........o).@.....#
..........###o.....#
...................+
..........###......#
........### #<..)..+
........# #[†....#
.###### #......#
########


You could see 2 orc wizards and an orc.

Vanquished Creatures
  A worker ant (D:3)
  4 adders (D:2)
  4 dart slugs
  4 leopard geckos
  2 orcs (D:3)
  5 goblins
  9 hobgoblins
  2 jackals (D:2)
  A quokka (D:3)
  5 bats
  3 frilled lizards
  7 kobolds
  4 rats
  A toadstool (D:1)
52 creatures vanquished.

Vanquished Creatures (others)
  3 toadstools (D:1)
3 creatures vanquished.

Grand Total: 55 creatures vanquished

Notes
Turn   | Place    | Note
-------+----------+-------------------------------------------
     0 | D:1      | miscthings the Mummy Ice Elementalist began the quest for
                  | the Orb.
     0 | D:1      | Reached XP level 1. HP: 13/13 MP: 4/4
   251 | D:1      | Reached XP level 2. HP: 19/19 MP: 4/6
   618 | D:1      | Reached XP level 3. HP: 24/24 MP: 6/8
   622 | D:1      | Learned a level 3 spell: Frozen Ramparts
   866 | D:2      | Found a faded altar of an unknown god.
  1081 | D:2      | Reached XP level 4. HP: 30/30 MP: 2/10
  1653 | D:3      | Slain by an orc

Illustrated notes

Levels and vault maps discovered:
D:1:      ldierk_water_garden, layout_basic, hangedman_glass_teeth,
          minmay_crystal_room
D:2:      layout_loops_corners, chequers_ecumenical_altar_island
D:3:      layout_basic, nicolae_qazlal_general_emergency

Skill      XL: |  1  2  3 |
---------------+----------+-----
Spellcasting   | 3 4 |  4.8
Ice Magic      | 4 |  4.3
Dodging        | |  1.5
Stealth        | |  1.5

Action                   |  1- 3 |  4- 6 || total
-------------------------+-------+-------++-------
Melee: Unarmed           |    11 |       ||    11
       Dagger            |    23 |    18 ||    41
 Cast: Freeze            |    35 |     2 ||    37
       Frozen Ramparts   |     4 |     3 ||     7
 Stab: Sleeping          |     3 |     3 ||     6
Armor: Robe              |    12 |     1 ||    13
Dodge: Dodged            |    35 |     8 ||    43

Table legend: (Time is in decaauts)
 A = Elapsed time spent in this place.
 B = Non-inter-level travel time spent in this place.
 C = Inter-level travel time spent in this place.
 D = Time resting spent in this place.
 E = Time spent auto-exploring this place.
 F = Levels seen in this place.
 G = Mean time per level.
                   A        B        C        D        E       F      G
               +--------+--------+--------+--------+--------+-----+--------+
         Total |   1654 |   1595 |     59 |    237 |   1023 |   3 |  551.3 |
       Dungeon |   1654 |   1595 |     59 |    237 |   1023 |   3 |  551.3 |
               +--------+--------+--------+--------+--------+-----+--------+

Top non-repeatable levels by time:
     D:2: 816 daAuts
     D:1: 791 daAuts
     D:3: 46 daAuts
